 Dungeon Crawl Stone Soup version 0.31.0-12-g77e489cdc1 (webtiles) character file.

Game seed: 13122911477314415380

340 James the Ruffian (level 6, 0/42 HPs)
             Began as an Octopode Shapeshifter on Mar 1, 2024.
             Was an Initiate of Elyvilon.
             Succumbed to a kobold's poison
             ... on level 3 of the Dungeon.
             The game lasted 00:09:29 (2938 turns).

James the Ruffian (Octopode Shapeshifter)           Turns: 2938, Time: 00:09:29

Health: 0/42       AC:  1    Str: 15    XL:     6   Next: 56%
Magic:  6/6        EV: 14    Int: 12    God:    Elyvilon [......]
Gold:   20         SH:  0    Dex: 18    Spells: 5/5 levels left

rFire   . .          .
                       - Unarmed
rCold   + . .        (no shield)
rNeg    . . .        (helmet currently unavailable)
rPois   .            (no amulet)
rElec   .            n - +6 ring of dexterity
rCorr   .            o - ring of protection from cold
SInv    .            (no ring)
Will    .....        (no ring)
Stlth   ++           (no ring)
HPRegen 0.27/turn    (no ring)
MPRegen 0.10/turn    (no ring)
                     (no ring)

%: no passive effects
@: confused, lethally poisoned (0 -> -17), beast-form, ambrosia-drunk
A: beast (slay +2), almost no armour, amphibious, 8 rings, camouflage 1,
gelatinous body 1, (nimble swimmer 1), tentacles
a: Begin Untransformation, Renounce Religion


You were on level 3 of the Dungeon.
You worshipped Elyvilon.
Elyvilon was noncommittal.
You were a hulking beast.
You visited 1 branch of the dungeon, and saw 4 of its levels.

You collected 157 gold pieces.
You spent 137 gold pieces at shops.

Inventory:

Hand Weapons
 B - a +0 sling
   (You took it off a goblin on level 3 of the Dungeon)
Missiles
 g - 34 stones (quivered)
 r - 6 darts of dispersal {!f}
 s - 6 poisoned darts
 x - 3 boomerangs
Armour
 i - a +2 hat
   (You found it on level 1 of the Dungeon)
 A - an orb of energy
   (You found it on level 3 of the Dungeon)
Magical Staves
 m - a staff of air
   (You took it off a goblin on level 2 of the Dungeon)
 y - a staff of alchemy
   (You found it on level 3 of the Dungeon)
Jewellery
 n - a +6 ring of dexterity (left tentacle)
   (You took it off a goblin on level 2 of the Dungeon)
 o - a ring of protection from cold (right tentacle)
   (You found it on level 2 of the Dungeon)
Talismans
 b - a beast talisman
 c - a flux talisman
Wands
 v - a wand of digging (6)
   (You found it on level 3 of the Dungeon)
Scrolls
 h - a scroll of enchant weapon {unknown}
 j - a scroll of enchant armour {unknown}
 l - 2 scrolls of amnesia {unknown}
 p - a scroll of fear {unknown}
 t - a scroll of immolation {unknown}
 u - a scroll of torment {unknown}
 w - a scroll of poison {unknown}
 D - a scroll of revelation
 E - a scroll of teleportation {@r4}
Potions
 a - a potion of lignification {!q}
 d - a potion of ambrosia
 e - 2 potions of brilliance
 f - a potion of might {unknown}
 q - a potion of heal wounds {unknown}
 z - a potion of enlightenment {unknown}
 C - 2 potions of curing {unknown}


   Skills:
 - Level 3.0 Fighting
 - Level 3.0 Dodging
 + Level 2.2 Stealth
 - Level 5.0 Unarmed Combat
 - Level 4.0 Shapeshifting


You had 5 spell levels left.
You didn't know any spells.
Your spell library contained the following spells:

 Spells                   Type           Power      Damage    Failure   Level
 Ozocubu's Armour         Ice            0%         N/A       69%         3
 Metabolic Englaciation   Hex/Ice        0%         N/A       100%        5
 Sculpt Simulacrum        Ice/Alch       0%         N/A       100%        6


Dungeon Overview and Level Annotations

Branches:
Dungeon (4/15)
 Temple: D:4-7

Altars:
Elyvilon

Shops:
D:3 ?

Annotations:
D:3 1 runed translucent door, Crazy Yiuf


Innate Abilities, Weirdness & Mutations

You are a hulking beast.
Your limbs bulge with bestial killing power. (Slay +2)
You cannot wear most types of armour.
You are amphibious.
You can wear up to eight rings at the same time.
Your skin changes colour to match your surroundings (Stealth+).
Your rubbery body absorbs attacks. (AC +1, EV +1)
((You are camouflaged when in or above water. (Stealth+)))
You have tentacles for arms and can constrict up to eight enemies at once.


Message History

There is a stone staircase leading down, spattered with blood here.
Things that are here:
a +0 robe; a +0 dagger You tentacle-slap the kobold but do no damage.
Your grab misses the kobold. Your squeeze misses the kobold.
You feel very sick. The kobold closely misses you.
The orc hits you with a +2 whip of venom!
* * * LOW HITPOINT WARNING * * *
You are lethally poisoned!
The orc misses you.
You barely miss the kobold. Your grab misses the kobold.
* * * LOW HITPOINT WARNING * * *
You feel very sick. The orc closely misses you. The kobold closely misses you.
The orc barely misses you.
You feel purified!
You can no longer purify yourself.
The orc misses you. The kobold completely misses you.
The orc closely misses you.
Unknown command.
The kobold hits you with a +0 dagger of venom.
* * * LOW HITPOINT WARNING * * *
You are poisoned.
The orc attacks as it pursues you! The orc completely misses you.
You feel sick.
You feel sick. The orc attacks as it pursues you! The orc barely misses you.
The kobold attacks as it pursues you!
The kobold hits you with a +0 dagger of venom.
* * * LOW HITPOINT WARNING * * *
You are more poisoned.
Okay, then.
Unknown command.
You are confused.
You feel invigorated.
* * * LOW HITPOINT WARNING * * *
You feel very sick. The orc hits you with a +0 mace.
* * * LOW HITPOINT WARNING * * *
The kobold hits you with a +0 dagger of venom.
Elyvilon protects you from harm!
You are more poisoned.
Unknown command.
* * * LOW HITPOINT WARNING * * *
You feel very sick. The orc hits you with a +0 mace.
Elyvilon protects you from harm! The kobold barely misses you.
The orc attacks as it pursues you! The orc closely misses you.
You die...

## ########## ##.
########........# #####..
#......'........# #......
###.####..h.....# ###..>...
#.##..o.......# #........
#.##..oK......# ##.......
#.##..........# #.......
#.##..........# #.....).
###.##...>.###### #.......
#....#......##### #.####..
#.#..####.#.)...# #.###..#
#.#..##########.####.##.##.


You could see 2 orcs and a kobold.

Vanquished Creatures
  2 ogres
  An iguana (D:4)
  An orc wizard (D:3)
  Robin (D:4)
  3 adders
  A ribbon worm (D:3)
  5 orcs
  5 ball pythons
  4 endoplasms
  5 giant cockroaches
  20 goblins
  5 hobgoblins
  2 jackals (D:3)
  6 kobolds
  4 quokkas
  2 bats
  2 frilled lizards
  5 rats
74 creatures vanquished.

Notes
Turn   | Place    | Note
-------+----------+-------------------------------------------
     0 | D:1      | James the Octopode Shapeshifter began the quest for the
                  | Orb.
     0 | D:1      | Reached XP level 1. HP: 13/13 MP: 1/1
    59 | D:1      | Found a faded altar of an unknown god.
   155 | D:1      | Reached XP level 2. HP: 17/18 MP: 2/2
   741 | D:2      | Reached skill level 4 in Unarmed Combat
   874 | D:2      | Reached XP level 3. HP: 23/23 MP: 3/3
  1791 | D:3      | Reached XP level 4. HP: 23/30 MP: 4/4
  1918 | D:3      | Found Hiafawn's Magic Scroll Emporium.
  1942 | D:3      | Found a white marble altar of Elyvilon.
  1973 | D:3      | Became a worshipper of Elyvilon the Healer
  2043 | D:3      | Noticed an ogre
  2059 | D:3      | Killed an ogre
  2060 | D:3      | Reached XP level 5. HP: 36/36 MP: 5/5
  2202 | D:3      | Identified the +5 ring mail of Dramatic Exits {rF+++ Str-4
                  | Int+6 Dex-3}
  2234 | D:3      | Found a runed translucent door.
  2235 | D:3      | Noticed Crazy Yiuf
  2362 | D:3      | Bought a scroll of revelation for 82 gold pieces
  2362 | D:3      | Bought a scroll of identify for 22 gold pieces
  2362 | D:3      | Bought a scroll of teleportation for 33 gold pieces
  2400 | D:4      | Reached skill level 5 in Unarmed Combat
  2532 | D:4      | Noticed an ogre
  2539 | D:4      | Killed an ogre
  2540 | D:4      | Reached XP level 6. HP: 42/42 MP: 6/6
  2542 | D:4      | Noticed Robin
  2553 | D:4      | Reached skill level 1 in Stealth
  2555 | D:4      | Killed Robin
  2651 | D:4      | Reached * piety under Elyvilon
  2936 | D:3      | HP: 1/42 [orc/+0 mace (3)]
  2936 | D:3      | Elyvilon protects you from harm!
  2937 | D:3      | Elyvilon protects you from harm!
  2938 | D:3      | Succumbed to a kobold's poison

Illustrated notes

Levels and vault maps discovered:
D:1:      heliophobic_arrival_ceremonial_halls, layout_basic,
          ebering_ecumenical_altar_abandoned
D:2:      layout_basic, minmay_pentomino_o4
D:3:      layout_basic, elyvilon_altar_5, serial_shops, shop_fountains,
          grunt_decor_mini_mirrors, eino_tiny_chamber, hangedman_decor_growths,
          minmay_ogre_servants, uniq_crazy_yiuf_cottage
D:4:      layout_basic, serial_shops, nicolae_shop_tiny_statue_garden,
          uniq_robin

Skill      XL: |  1  2  3  4  5  6 |
---------------+-------------------+-----
Unarmed Combat | 4 5 |  5.0
Fighting       | 2 3 |  3.0
Dodging        | 3 |  3.0
Shapeshifting  | 4 |  4.0
Stealth        | 2 |  2.2

Action                     |  1- 3 |  4- 6 || total
---------------------------+-------+-------++-------
  Melee: Unarmed           |    66 |    70 ||   136
         Constrict         |    18 |    20 ||    38
         Tentacles         |     8 |    18 ||    26
         Punch             |     2 |     1 ||     3
 Invoke: Purification      |       |     1 ||     1
    Use: Scroll            |       |     2 ||     2
         Potion            |       |     1 ||     1
   Stab: Sleeping          |     3 |     2 ||     5
 Armour: Skin              |    16 |    25 ||    41
  Dodge: Dodged            |    17 |    47 ||    64
